 Dungeon Crawl Stone Soup version 0.22-a0-537-ge9e9f76342 (webtiles) character file.

44 8fpsbossfight the Firebug (level 3, -6/26 HPs)
             Began as a Demigod Fire Elementalist on June 23, 2018.
             Killed from afar by Sigmund (9 damage)
             ... with a magic dart
             ... on level 2 of the Dungeon.
             The game lasted 00:01:57 (1059 turns).

8fpsbossfight the Firebug (DgFE)                    Turns: 1059, Time: 00:01:58

Health: -6/26      AC:  2    Str: 11    XL:     3   Next: 22%
Magic:  2/8        EV: 12    Int: 21    God:
Gold:   51         SH:  0    Dex: 16    Spells: 4/5 levels left

rFire    . . .     SeeInvis .   d - +1 dagger (protect)
rCold    . . .     Gourm    .   (no shield)
rNeg     . . .     Faith    .   a - +0 robe
rPois    .         Spirit   .   (no helmet)
rElec    .         Reflect  .   (no cloak)
rCorr    .         Harm     .   (no gloves)
MR       .....                  (no boots)
Stlth    +.........             (no amulet)
HPRegen  0.08/turn              (no ring)
MPRegen  0.11/turn              (no ring)

@: confused
A: high mp 1
a: no special abilities


You were on level 2 of the Dungeon.
You were not hungry.

You visited 1 branch of the dungeon, and saw 2 of its levels.

You collected 51 gold pieces.

Inventory:

Hand Weapons
 d - a +1 dagger of protection (weapon)
   (You found it on level 1 of the Dungeon)
Armour
 a - a +0 robe (worn)
Potions
 b - a potion of might {unknown}
 f - a potion of magic {unknown}
Comestibles
 c - 3 chunks of flesh
 e - 2 rations


   Skills:
 - Level 1.7 Dodging
 - Level 1.7 Stealth
 - Level 1.7 Spellcasting
 + Level 2.2 Conjurations
 + Level 3.4 Fire Magic


You had 4 spell levels left.
You knew the following spells:

 Your Spells              Type           Power        Failure   Level  Hunger
a - Flame Tongue          Conj/Fire      ##...        4%          1    #......

Your spell library contained the following spells:

 Spells                   Type           Power        Failure   Level  Hunger
 Fireball                 Conj/Fire      ##........   78%         5    ######.
 Conjure Flame            Conj/Fire      ##......     14%         3    ###....
 Throw Flame              Conj/Fire      ##....       7%          2    ###....
 Sticky Flame             Conj/Fire      ##......     43%         4    #####..
 Inner Flame              Hex/Fire       #.......     22%         3    ###....


Dungeon Overview and Level Annotations

Branches:
Dungeon (2/15)

Annotations:
D:2 Sigmund


Innate Abilities, Weirdness & Mutations

You have an increased reservoir of magic. (+10% MP)


Message History

A hobgoblin is nearby!
Found a ration.
Aim: a hobgoblin, wielding a club The flame tongue hits the hobgoblin.
You kill the hobgoblin!
You now have 7/8 mp.
You start resting.
MP restored: 8 Sigmund the Dreaded comes into view.
He is wielding a scythe.
Aim: Sigmund, wielding a scythe and wearing a runed robe The flame tongue hits Sigmund.
Sigmund closely misses you.
You now have 7/8 mp.
Aim: Sigmund, wielding a scythe and wearing a runed robe (lightly wounded)
The flame tongue hits Sigmund.
Sigmund hits you but does no damage.
You now have 6/8 mp.
Aim: Sigmund, wielding a scythe and wearing a runed robe (moderately wounded)
The flame tongue hits Sigmund.
You now have 5/8 mp.
Aim: Sigmund, wielding a scythe and wearing a runed robe (heavily wounded)
The flame tongue hits Sigmund.
Sigmund appears unharmed.
Sigmund gestures at you while chanting. The magic dart hits you!
You take 7 damage, and have 19/26 hp.
MASSIVE DAMAGE!!
You now have 4/8 mp.
Aim: Sigmund, wielding a scythe and wearing a runed robe (heavily wounded)
The flame tongue misses Sigmund.
Sigmund casts a spell at you. The magic dart hits you!
* * * LOW HITPOINT WARNING * * *
You take 6 damage, and have 13/26 hp.
MASSIVE DAMAGE!!
You now have 3/8 mp.
Unknown command.
Unknown command.
Aim: Sigmund, wielding a scythe and wearing a runed robe (heavily wounded)
The flame tongue hits Sigmund.
Sigmund appears unharmed.
Sigmund casts a spell at you. The magic dart hits you!
* * * LOW HITPOINT WARNING * * *
You take 9 damage, and have 4/26 hp.
MASSIVE DAMAGE!!
You now have 2/8 mp.
Aim: Sigmund, wielding a scythe and wearing a runed robe (heavily wounded)
The flame tongue hits Sigmund.
Sigmund giggles. "Time to reap what you sow."
Sigmund points at you and mumbles some strange words.
You are confused.
You now have 1/8 mp.
Sigmund hits you with a scythe.
* * * LOW HITPOINT WARNING * * *
You take 2 damage, and have 3/26 hp.
You bump into the rock wall.
Sigmund points at you and mumbles some strange words.
The magic dart hits you!
You die...

##### ##.....
..%..# #.#
######@....#
#.#
#....@)....#
#.#
#.####.....#
#.# #.# .....#
#.# #.# ######
#.# #.# #.#
######.#
##.####...##.#
..........##.#
##...........#


You could see Sigmund.

Vanquished Creatures
  An adder (D:2)
  2 dart slugs
  A leopard gecko (D:2)
  2 giant cockroaches (D:1)
  4 goblins (D:1)
  4 hobgoblins
  3 jackals
  3 kobolds (D:1)
  A bat (D:1)
  3 frilled lizards
  2 rats (D:1)
26 creatures vanquished.

Notes
Turn   | Place    | Note
-------+----------+-------------------------------------------
     0 | D:1      | 8fpsbossfight the Demigod Fire Elementalist began the quest for the Orb.
     0 | D:1      | Reached XP level 1. HP: 14/14 MP: 5/5
    41 | D:1      | Reached skill level 1 in Conjurations
   264 | D:1      | Reached skill level 3 in Fire Magic
   292 | D:1      | Reached XP level 2. HP: 20/20 MP: 7/7
   848 | D:2      | Found a faded altar of an unknown god.
   964 | D:2      | Reached XP level 3. HP: 26/26 MP: 1/8
  1050 | D:2      | Noticed Sigmund
  1059 | D:2      | Killed from afar by Sigmund

Vault maps used:
D:1:      nicolae_arrival_washed_ashore
D:2:      nicolae_overflow_crystal_walls, chequers_ecumenical_altar_simple,
          uniq_sigmund

Skill      XL: |  1  2 |
---------------+-------+-----
Conjurations   | 1 2 |  2.2
Fire Magic     | 3 |  3.4
Dodging        | |  1.7
Stealth        | |  1.7
Spellcasting   | |  1.7

Action                   || total
-------------------------++-------
Melee: Dagger            ||    62
       Whip              ||     1
 Cast: Flame Tongue      ||    30
 Stab: Sleeping          ||     1
  Eat: Chunk             ||     1
Armor: Robe              ||    26
Dodge: Dodged            ||    58

Table legend:
 A = Spawn XP
 B = Non-spawn XP
 C = Spawn XP percentage of total XP
 D = Spawn monster count
 E = Non-spawn monster count
 F = Spawn count percentage of total count
 G = Total turns spent on level
                    A         B        C        D         E        F      G
               +---------+---------+-------+---------+---------+-------+---------
         Total |       0 |      63 |   0.0 |       0 |      26 |   0.0 |  1059
               +---------+---------+-------+---------+---------+-------+---------
           D:1 |       0 |      36 |   0.0 |       0 |      19 |   0.0 |   905
           D:2 |       0 |      27 |   0.0 |       0 |       7 |   0.0 |   154
               +---------+---------+-------+---------+---------+-------+---------
